 Dungeon Crawl Stone Soup version 0.29-a0-356-g7bc237e783 (webtiles) character file.

Game seed: 16723914737188668176

274 enile the Skirmisher (level 6, -7/67 HPs)
             Began as an Ogre Cinder Acolyte on Apr 27, 2022.
             Was a High Priest of Ignis.
             Mangled by a black bear (9 damage)
             ... on level 5 of the Dungeon.
             The game lasted 00:03:47 (3522 turns).

enile the Skirmisher (Ogre Cinder Acolyte)          Turns: 3522, Time: 00:03:48

Health: -7/67      AC:  3    Str: 19    XL:     6   Next: 24%
Magic:  1/10       EV:  9    Int: 23    God:    Ignis [*****.]
Gold:   138        SH:  0    Dex:  4    Spells: 9/11 levels left

rFire   + . .      SeeInvis .   q - +0 falchion (vamp)
rCold   . . .      Faith    .   (no shield)
rNeg    . . .      Spirit   .   b - +0 robe
rPois   .          Reflect  .   (helmet restricted)
rElec   .          Harm     .   (no cloak)
rCorr   .          Rampage  .   (gloves unavailable)
Will    .....                   (boots unavailable)
Stlth   +.........              (no amulet)
HPRegen 0.21/turn               f - +6 ring of intelligence
MPRegen 0.12/turn               (no ring)

@: no status effects
A: large, unfitting armour, tough skin 1
a: Renounce Religion, Fiery Armour, Foxfire Swarm, Rising Flame


You were on level 5 of the Dungeon.
You worshipped Ignis.
Ignis was extremely pleased with you.
You visited 1 branch of the dungeon, and saw 4 of its levels.

You collected 138 gold pieces.

Inventory:

Hand Weapons
 a - a -1 hand axe of flaming
 m - a +0 war axe
 q - a +0 vampiric falchion (weapon)
Missiles
 n - 2 datura-tipped darts (quivered)
Armour
 b - a +0 robe (worn)
 p - a +0 kite shield
Jewellery
 f - a +6 ring of intelligence (left hand)
 r - a ring of protection from fire
Scrolls
 c - 2 scrolls of identify {unknown}
 e - a scroll of silence {unknown}
 h - 2 scrolls of magic mapping {unknown}
 l - a scroll of fog {unknown}
 s - a scroll of noise {unknown}
 t - a scroll of enchant armour {unknown}
 u - a scroll of amnesia {unknown}
Potions
 i - a potion of lignification {unknown}
 j - 2 potions of attraction {unknown}
 k - 3 potions of haste {unknown}
 o - a potion of heal wounds {unknown}


   Skills:
 - Level 6.0 Fighting
 - Level 3.0 Axes
 + Level 3.7 Dodging
 - Level 3.0 Spellcasting
 - Level 2.6 Fire Magic


You had 9 spell levels left.
You knew the following spells:

 Your Spells              Type           Power      Damage    Failure   Level
a - Scorch                Fire           30%        2d6       6%          2

Your spell library contained the following spells:

 Spells                   Type           Power      Damage    Failure   Level


Dungeon Overview and Level Annotations

Branches:
Dungeon (3/15)

Altars:


Innate Abilities, Weirdness & Mutations

You are too large for most types of armour.
You have tough skin. (AC +1)


Message History

Flames lash the white imp.
The white imp is burned terribly!
You kill the white imp!
A black bear comes into view.
A black bear is nearby!
Casting: Scorch (safe; 6% risk of failure)
Confirm with . or Enter, or press ? or * to list all spells.
Flames lash the black bear.
The black bear is lightly wounded.
The black bear's fire resistance burns away.
Casting: Scorch (safe; 6% risk of failure)
Confirm with . or Enter, or press ? or * to list all spells.
Flames lash the black bear.
The black bear is burned terribly!
The black bear is heavily wounded.
The black bear bites you! The black bear claws you. x2
The black bear barely misses you. The black bear claws you.
The black bear claws you but does no damage.
Casting: Scorch (safe; 6% risk of failure)
Confirm with . or Enter, or press ? or * to list all spells.
Flames lash the black bear.
The black bear is burned terribly!
The black bear is almost dead.
The black bear goes berserk!
The black bear closely misses you. The black bear claws you.
The black bear barely misses you.
Casting: Scorch (safe; 6% risk of failure)
Confirm with . or Enter, or press ? or * to list all spells.
You don't have enough magic to cast this spell.
You barely miss the black bear.
The black bear is almost dead.
The black bear bites you! The black bear claws you. x2
The black bear completely misses you. The black bear barely misses you. x2
You hit the black bear.
The black bear is almost dead.
The black bear bites you!
* * * LOW HITPOINT WARNING * * *
The black bear claws you.
* * * LOW HITPOINT WARNING * * *
The black bear claws you.
* * * LOW HITPOINT WARNING * * *
The black bear bites you!
You die...

.........................
(.....#
.....≈.≈.§§≈§≈§≈.≈.≈.....#.....
..##.....§..§§§.....##..
.......≈.≈.≈.§.≈.§......
..##....................
........................
##......###........?...
........# #........# ........#
####..@h.# ........#
#.......... .#......#
######..... .#......# .>..
.#......# ... .#......# ..
.#......# . .######## .#


You could see a black bear (berserk, combustible).

Vanquished Creatures
  A scorpion (D:5)
  A hound (D:5)
  Natasha (D:2)
  3 iguanas
  2 adders
  2 white imps (D:5)
  An ufetubus (D:5)
  2 orcs
  A ball python (D:1)
  6 bats
  3 endoplasms
  5 giant cockroaches
  5 goblins
  3 hobgoblins
  5 kobolds
  A quokka (D:2)
  3 frilled lizards
  4 rats
49 creatures vanquished.

Notes
Turn   | Place    | Note
-------+----------+-------------------------------------------
     0 | D:1      | enile the Ogre Cinder Acolyte began the quest for the Orb.
     0 | D:1      | Reached XP level 1. HP: 24/24 MP: 2/2
   134 | D:1      | Reached XP level 2. HP: 30/33 MP: 3/3
   196 | D:1      | Reached skill level 5 in Fighting
   199 | D:1      | Learned a level 2 spell: Scorch
   864 | D:2      | Reached XP level 3. HP: 42/42 MP: 1/5
  1258 | D:2      | Reached XP level 4. HP: 32/52 MP: 1/7
  1589 | D:2      | Noticed Natasha
  1595 | D:2      | Killed Natasha
  1596 | D:2      | Reached skill level 6 in Fighting
  2297 | D:3      | Reached skill level 1 in Dodging
  2389 | D:3      | Found a faded altar of an unknown god.
  2482 | D:3      | Reached XP level 5. HP: 59/59 MP: 9/9
  2491 | D:3      | You fall into a shaft and drop 2 floors!
  2491 | D:5      | Entered Level 5 of the Dungeon
  3219 | D:5      | Reached XP level 6. HP: 22/67 MP: 4/10
  3514 | D:5      | Noticed a black bear
  3522 | D:5      | HP: 2/67 [black bear (6)]
  3522 | D:5      | Mangled by a black bear

Illustrated notes

Levels and vault maps discovered:
D:1:      tarquinn_simple_flora_water_d, layout_rooms
D:2:      layout_loops_corners, st_stairs_9, feat_on_display, uniq_natasha
D:3:      layout_rooms, hellmonk_ecumenical_altar_slurped_away,
          hangedman_decor_clover_reticule
D:5:      layout_basic, kennysheep_crisscross, kennysheep_generic_room_8

Skill      XL: |  1  2  3  4  5 |
---------------+----------------+-----
Fighting       | 5 6 |  6.0
Spellcasting   | 2 3 |  3.0
Dodging        | 1 3 |  3.7
Axes           | |  3.0
Fire Magic     | |  2.6

Action                   |  1- 3 |  4- 6 || total
-------------------------+-------+-------++-------
Melee: Hand axe          |    47 |    13 ||    60
       Falchion          |       |    34 ||    34
 Cast: Scorch            |    10 |    33 ||    43
  Use: Scroll            |     1 |     1 ||     2
       Potion            |       |     2 ||     2
Armor: Robe              |     9 |    24 ||    33
Dodge: Dodged            |    31 |    42 ||    73

Table legend: (Time is in decaauts)
 A = Elapsed time spent in this place.
 B = Non-inter-level travel time spent in this place.
 C = Inter-level travel time spent in this place.
 D = Time resting spent in this place.
 E = Time spent auto-exploring this place.
 F = Levels seen in this place.
 G = Mean time per level.
                   A        B        C        D        E       F      G
               +--------+--------+--------+--------+--------+-----+--------+
         Total |   3538 |   3377 |    161 |    110 |   2850 |   4 |  884.5 |
       Dungeon |   3538 |   3377 |    161 |    110 |   2850 |   4 |  884.5 |
               +--------+--------+--------+--------+--------+-----+--------+

Top non-repeatable levels by time:
     D:2: 1676 daAuts
     D:5: 1036 daAuts
     D:1: 551 daAuts
     D:3: 274 daAuts
